 Dungeon Crawl Stone Soup version 0.30-a0-830-gfe289a77b0 (webtiles) character file.

Game seed: 3735288637597659883

42 sasquatch the Ruffian (level 3, -1/31 HPs)
             Began as a Naga Transmuter on Feb 28, 2023.
             Succumbed to an adder's poison
             ... on level 2 of the Dungeon.
             The game lasted 00:05:05 (1060 turns).

sasquatch the Ruffian (Naga Transmuter)             Turns: 1060, Time: 00:05:06

Health: -1/31      AC:  2    Str: 12 (14) XL:     3   Next: 54%
Magic:  6/6        EV:  9    Int: 11 (13) God:
Gold:   70         SH:  0    Dex:  9 (11) Spells: 5/6 levels left

rFire   . . .      SeeInvis +      - Unarmed
rCold   . . .      Faith    .    (no shield)
rNeg    . . .      Spirit   .    a - +0 robe
rPois   +          Reflect  .    (no helmet)
rElec   .          Harm     .    (no cloak)
rCorr   .          Rampage  .    (no gloves)
Will    .....                    (no barding)
Stlth   +                        (no amulet)
HPRegen 0.25/turn                (no ring)
MPRegen 0.10/turn                (no ring)

@: brilliant, lethally poisoned (-1 -> -5), very slow
A: AC +1, large, see invisible, deformed body, poison resistance, slowness 2,
spit poison 2, naga tail 1, deterioration 1, evolution 1
a: Breathe Poison Gas


You were on level 2 of the Dungeon.
You visited 1 branch of the dungeon, and saw 2 of its levels.

You collected 70 gold pieces.

Inventory:

Missiles
 e - 5 poisoned darts
Armour
 a - a +0 robe (worn)
Scrolls
 g - a scroll of identify {unknown}
 h - a scroll of enchant weapon {unknown}
 j - a scroll of silence {unknown}
Potions
 b - a potion of lignification
 c - a potion of degeneration
 d - a potion of cancellation
 i - a potion of mutation


   Skills:
 - Level 1.0 Fighting
 - Level 1.5 Dodging
 * Level 4.0 Unarmed Combat
 - Level 2.0 Spellcasting
 + Level 2.6 Transmutations


You had 5 spell levels left.
You knew the following spells:

 Your Spells              Type           Power      Damage    Failure   Level
a - Beastly Appendage     Tmut           20%        N/A       10%         1

Your spell library contained the following spells:

 Spells                   Type           Power      Damage    Failure   Level
 Wereblood                Tmut           10%        N/A       14%         2
 Spider Form              Tmut/Pois      6%         N/A       45%         3
 Ice Form                 Ice/Tmut       6%         N/A       86%         4


Dungeon Overview and Level Annotations

Branches:
Dungeon (2/15)

Altars:

Shops:
D:1 [


Innate Abilities, Weirdness & Mutations

Your serpentine skin is tough. (AC +1)
You have supernaturally acute eyesight. (SInv)
Armour fits poorly on your strangely shaped body.
Your system is resistant to poisons. (rPois)
You cover ground very slowly.
You can exhale a cloud of poison.
You have a snake-like lower body.
Your body sometimes deteriorates upon taking damage.
You have hidden genetic potential.


Message History

You hit the goblin.
You kill the goblin!
Aiming: Spit Poison (2% risk of failure)
Press: ? - help, Shift-Dir - straight line, f - adder
Aim: an adder (37% to hit)
The splash of poison misses the adder.
The splash of poison hits the ball python!
You kill the ball python!
The adder bites you.
You are poisoned.
The adder poisons you! The adder bites you.
It was a potion of degeneration.
There was something very wrong with that liquid.
You feel weakened.
You feel dopey.
You feel clumsy.
You feel sick. The adder closely misses you.
It was a potion of cancellation.
Your magical effects are unravelling.
You feel magically purged.
Your horns disappear.
You have got your breath back.
You feel sick. The adder bites you.
* * * LOW HITPOINT WARNING * * *
It was a potion of mutation.
You feel extremely strange.
You feel a hidden potential growing inside you.
You feel yourself wasting away.
There is a nasty taste in your mouth for a moment.
You feel sick. The adder bites you.
* * * LOW HITPOINT WARNING * * *
You are more poisoned.
The adder poisons you!
It was a potion of brilliance.
You feel clever all of a sudden.
* * * LOW HITPOINT WARNING * * *
You feel sick. The adder bites you but does no damage. The adder bites you.
* * * LOW HITPOINT WARNING * * *
Aiming: Breathe Poison Gas (9% risk of failure)
Press: ? - help, Shift-Dir - straight line, f/p - adder
Aim: an adder (31% to hit)
You fail to use your ability.
You die...

......#.#......
#.............
#........#.#.#
#.............
#..........#
.####+#...#.#
.......†....#
#..#####.#S##..#
#..#####.#@## .#
#..#........# ..
#..#.###.#.## ..
#..#.# #.#... .
#.... #.#####
#...####.#
#....(.#.#
#.#.##.#.#
#.#.##.#.#####.


You could see an adder.

Vanquished Creatures
  An adder (D:1)
  2 endoplasms
  2 giant cockroaches
  5 goblins
  4 hobgoblins
  3 jackals (D:2)
  2 kobolds (D:1)
  A quokka (D:2)
  4 ball pythons
  4 bats (D:1)
  A rat (D:1)
29 creatures vanquished.

Notes
Turn   | Place    | Note
-------+----------+-------------------------------------------
     0 | D:1      | sasquatch the Naga Transmuter began the quest for the Orb.
     0 | D:1      | Reached XP level 1. HP: 18/18 MP: 3/3
    81 | D:1      | Found Unaapi's Antique Armour Shoppe.
   223 | D:1      | Reached XP level 2. HP: 14/25 MP: 5/5
   626 | D:1      | Reached XP level 3. HP: 18/31 MP: 4/6
   904 | D:2      | Reached skill level 4 in Unarmed Combat
  1058 | D:2      | Gained mutation: You have hidden genetic potential. [potion
                  | of mutation]
  1058 | D:2      | Gained mutation: Your body sometimes deteriorates upon
                  | taking damage. [potion of mutation]
  1058 | D:2      | Gained mutation: You can exhale a cloud of poison. [potion
                  | of mutation]
  1059 | D:2      | HP: 1/31 [adder (1)]
  1060 | D:2      | Succumbed to an adder's poison

Illustrated notes

Levels and vault maps discovered:
D:1:      sevenhm_arrival_forest_fort_small_4, layout_rooms, serial_shops,
          nicolae_shop_overgrown_old_shop
D:2:      layout_basic, serial_curves, eino_curves_04, eino_curves_04,
          kennysheep_generic_room_4

Skill      XL: |  1  2  3 |
---------------+----------+-----
Unarmed Combat | 4 |  4.0
Fighting       | |  1.0
Dodging        | |  1.5
Spellcasting   | |  2.0
Transmutations | |  2.6

Action                     || total
---------------------------++-------
  Melee: Unarmed           ||    95
         Punch             ||     2
         Headbutt          ||     4
   Cast: Beastly Appendage ||    12
Ability: Spit Poison       ||    21
    Use: Potion            ||     4
 Armour: Robe              ||    33
  Dodge: Dodged            ||    99

Table legend: (Time is in decaauts)
 A = Elapsed time spent in this place.
 B = Non-inter-level travel time spent in this place.
 C = Inter-level travel time spent in this place.
 D = Time resting spent in this place.
 E = Time spent auto-exploring this place.
 F = Levels seen in this place.
 G = Mean time per level.
                   A        B        C        D        E       F      G
               +--------+--------+--------+--------+--------+-----+--------+
         Total |   1277 |   1237 |     40 |      0 |    980 |   2 |  638.5 |
       Dungeon |   1277 |   1237 |     40 |      0 |    980 |   2 |  638.5 |
               +--------+--------+--------+--------+--------+-----+--------+

Top non-repeatable levels by time:
     D:1: 830 daAuts
     D:2: 446 daAuts
